 Dungeon Crawl Stone Soup version 0.18-a0-1443-ge8f1551 (webtiles) character file.

234 4thArraOfDagon the Chiller (level 6, 0/49 HPs)
             Began as a Naga Ice Elementalist on Feb 29, 2016.
             Was an Initiate of Sif Muna.
             Slain by an ogre
             ... wielding a +0 giant club
              (7 damage)
             ... on level 6 of the Dungeon.
             The game lasted 00:06:52 (969 turns).

4thArraOfDagon the Chiller (Naga Ice Elementalist)   Turns: 969, Time: 00:06:52

Health: 0/49       AC:  3    Str: 11    XL:     6   Next: 5%
Magic:  0/10       EV: 10    Int: 17    God:    Sif Muna [......]
Gold:   93         SH:  0    Dex: 11    Spells: 3 memorised, 4 levels left

rFire  . . .     SeeInvis +     g - +0 dagger (elec)
rCold  . . .     Gourm    .     a - +0 robe
rNeg   . . .     Faith    .     (no shield)
rPois  +         Spirit   .     (no helmet)
rElec  .         Dismiss  .     (no cloak)
rCorr  .         Reflect  .     (no gloves)
SustAt .         Harm     .     (no barding)
MR     .....                    (no amulet)
Stlth  ++........               (no ring)
                                (no ring)

@: very slow, not resistant to hostile enchantments, unstealthy
A: see invisible, deformed body, poison resistance, slowness 2, slow metabolism
1, spit poison 2, AC +2
a: Spit Poison, Renounce Religion


You were on level 6 of the Dungeon.
You worshipped Sif Muna.
Sif Muna was noncommittal.
You were not hungry.

You visited 2 branches of the dungeon, and saw 7 of its levels.

You collected 93 gold pieces.

Inventory:

Hand Weapons
 g - a +0 dagger of electrocution (weapon)
Armour
 a - a +0 robe (worn)
 o - an ice dragon hide
Wands
 d - a wand of random effects (0/48)
Scrolls
 k - a scroll of identify {unknown}
 m - a scroll of fear {unknown}
 n - a scroll of remove curse {unknown}
Potions
 e - a potion of brilliance {unknown}
 h - 2 potions of curing {unknown}
 i - a potion of flight {unknown}
Books
 b - a book of Frost

   Spells                             Type                      Level
   a - Freeze                         Ice                          1
   b - Throw Frost                    Conjuration/Ice              2
   c - Ozocubu's Armour               Charms/Ice                   3
   d - Throw Icicle                   Conjuration/Ice              4
   e - Summon Ice Beast               Ice/Summoning                4
Comestibles
 c - 2 bread rations
 f - 4 meat rations
 j - 2 beef jerkies
 l - 4 chunks of flesh


   Skills:
 - Level 1.5 Dodging
 - Level 3.0 Stealth
 + Level 3.0 Spellcasting
 * Level 3.2 Conjurations
 * Level 4.6 Ice Magic
 + Level 1.5 Invocations


You had 4 spell levels left.
You knew the following spells:

 Your Spells              Type           Power        Failure   Level  Hunger
a - Freeze                Ice            ###.         2%          1    None
b - Throw Frost           Conj/Ice       ###...       6%          2    ##.....
c - Throw Icicle          Conj/Ice       ###.....     38%         4    ####...


Dungeon Overview and Level Annotations

Branches:
Dungeon (6/15)             Temple (1/1) D:5

Altars:
Ashenzari
Cheibriados
Dithmenos
Elyvilon
Kikubaaqudgha
Makhleb
Nemelex Xobeh
Pakellas
Qazlal
Sif Muna
Trog
Xom
Yredelemnul
Zin
The Shining One

Shops:
D:6 ?


Innate Abilities, Weirdness & Mutations

You cannot wear boots.
Your serpentine skin is tough (AC +2).
You have supernaturally acute eyesight.
Armour fits poorly on your strangely shaped body.
Your system is resistant to poisons.
You cover ground very slowly.
You have a slow metabolism.
You can spit poison.


Message History

The ogre is heavily wounded.
Casting: Freeze
Confirm with . or Enter, or press ? or * to list all spells.
Aiming: Freeze
Press: ? - help, Shift-Dir - straight line, f/p - ogre
Aim: an ogre, wielding a giant club (heavily wounded, poisoned)
You freeze the ogre.
The ogre is severely wounded.
The ogre looks more healthy.
The ogre hits you with a giant club!
* * * LOW HITPOINT WARNING * * *
Unknown command.
Casting: Freeze
Confirm with . or Enter, or press ? or * to list all spells.
Aiming: Freeze
Press: ? - help, Shift-Dir - straight line, f/p - ogre
Aim: an ogre, wielding a giant club (almost dead)
You freeze the ogre.
The ogre is almost dead.
The ogre hits you with a giant club!
You die...

#...# #∩..#
#...# #...#
#...# #.(.# ..
#.O.#
%...#.@.#
.........#####
######.#.....#
#.#####.#####
.. #.#...# .#.
#.#...# ...
#.#...# . #.#
#.#...# ##.#.
#.#...#


You could see an ogre.

Vanquished Creatures
  A centaur (D:5)
  A crimson imp (D:5)
  A centaur skeleton (D:4)
  7 adders
  An adder zombie (D:6)
  3 bats
  2 giant cockroaches
  2 goblins
  2 hobgoblins
  4 jackals (D:3)
  2 kobolds (D:2)
  A quokka (D:2)
  A ball python (D:3)
  2 giant newts
  A rat (D:3)
31 creatures vanquished.

Notes
Turn   | Place    | Note
--------------------------------------------------------------
     0 | D:1      | 4thArraOfDagon the Naga Ice Elementalist began the quest for the Orb.
     0 | D:1      | Reached XP level 1. HP: 15/15 MP: 3/3
   104 | D:2      | Reached XP level 2. HP: 8/22 MP: 1/5
   112 | D:2      | Learned a level 2 spell: Throw Frost
   176 | D:2      | Reached XP level 3. HP: 17/28 MP: 3/6
   284 | D:4      | Reached skill level 4 in Ice Magic
   284 | D:4      | Reached XP level 4. HP: 28/36 MP: 7/7
   330 | D:5      | Entered Level 5 of the Dungeon
   361 | D:5      | runed centaur barding
   364 | D:5      | Found a bloodstained altar of Trog.
   365 | D:5      | i already liking it
   368 | D:5      | Found a staircase to the Ecumenical Temple.
   379 | D:5      | Learned a level 4 spell: Throw Icicle
   387 | Temple   | Entered the Ecumenical Temple
   503 | Temple   | Became a worshipper of Sif Muna the Loreminder
   543 | D:5      | GY
   547 | D:5      | 4thArraOfDagon: why so laggy
   615 | D:4      | Reached XP level 5. HP: 35/42 MP: 5/9
   736 | D:4      | Reached skill level 1 in Invocations
   854 | D:5      | Noticed a centaur
   860 | D:5      | Killed a centaur
   860 | D:5      | Reached XP level 6. HP: 17/49 MP: 5/10
   960 | D:6      | Found Mubbom's Magic Scroll Shop.
   969 | D:6      | Slain by an ogre

Vault maps used:
D:1:      zaba_arrival_water
D:2:      supply_closet_lemuel
D:5:      lemuel_doored_altar, minmay_temple_entry_junction, first_bread,
          kennysheep_generic_room_13
D:6:      vehumet_statue, nicolae_gozag_seed_capital, serial_shops, shop,
          moated_statue
Temple:   chambers_temple_14

Skill      XL: |  1  2  3  4  5 |
---------------+----------------+-----
Conjurations   | 2 3 |  3.2
Ice Magic      | 4 |  4.6
Invocations    | 1 |  1.5
Spellcasting   | 3 |  3.0
Dodging        | |  1.5
Stealth        | |  3.0

Action                   |  1- 3 |  4- 6 || total
-------------------------+-------+-------++-------
Melee: Dagger            |    14 |    42 ||    56
 Cast: Freeze            |    10 |    21 ||    31
       Throw Frost       |       |     3 ||     3
 Abil: Spit Poison       |    10 |     5 ||    15
Evoke: Wand              |     1 |       ||     1
  Use: Scroll            |       |     1 ||     1
 Stab: Sleeping          |     2 |     2 ||     4
  Eat: Chunk             |       |     1 ||     1
